AoeStats
← Heisenverde

MegaRandom

503588380Analyzed
1v1 RM · 1mo ago on Sep 1, 2026· 29m 2s· 2 players
Game mode
Random Map
Map size
Tiny (2 player)
Population
200
Speed
Normal
Resources
Standard
Victory
Conquest
Starting age
Dark Age
Ending age
Imperial Age
RankedLock teamsTeams togetherTeam positionsShared explorationLock speedFull tech treeHidden civsTurbo modeCheats
Victory
Defeat
🇦🇺 Bulgarians · Australia
852
+13
🇪🇸 Persians · Spain
794
-13
Heisenverde
7:57 Loom
10:22 Feudal Age
20:06 Castle Age
17:57 Double-Bit Axe
17:56 Horse Collar
21:01 Thumb Ring
20:23 Crossbowman
22:16 Elite Skirmisher
26:27 Padded Archer Armor
26:18 Fletching
UNCLE
9:42 Feudal Age
11:23 Horse Collar
13:01 Forging
12:52 Scale Mail Armor
14:12 Double-Bit Axe
16:58 Wheelbarrow
17:22 Fletching
17:32 Padded Archer Armor
23:48 Castle Age
23:06 Bloodlines
24:02 Stone Mining
24:02 Gold Mining
25:09 Husbandry
27:50 Wheelbarrow
Connection lost

Rejoining the realm…

Still unreachable

The connection could not be restored.

Session expired

The server has moved on; the page needs a fresh start.